Cogmind - Beta 9.6 @@@ ROGUE MODE // 2020.05.21 @ 21:19:23 Player: TheGreatBorealis Result: Destroyed by S-27 Virus with Autogun Performance ------------- Evolutions (4) 2000 Regions Visited (7) 1400 Robots Destroyed (25) 125 Value Destroyed (676) 676 Prototype IDs (0) 0 Alien Tech Used (0) 0 Bonus (0) 0 TOTAL SCORE: 4201 Bonus ------- None Cogmind --------- Core Integrity 0/850 Matter 281/300 Energy 99/100 System Corruption 3% Temperature Cool (0) Movement Core (50) Location -6/Lower Caves Parts ------- > --- POWER (2) -------- (None) > --- PROPULSION (5) --- (None) > --- UTILITY (6) ------ Enhanced Optical Array > --- WEAPON (2) ------- (None) > --- INVENTORY (4) ---- Light Ion Engine Nuclear Core Peak State ------------ > --- POWER ------------ Light Deuterium Engine > --- PROPULSION ------- Aluminum Leg Aluminum Leg Carbon-fiber Leg Flight Unit Cesium-ion Thruster > --- UTILITY ---------- Medium Storage Unit Medium Matter Pod Compact Matter Pod Enhanced Optical Array Improved Targeting Computer > --- WEAPON ----------- Heavy Assault Rifle > --- INVENTORY -------- Light Ion Engine Shock Rifle Beam Rifle Light Assault Rifle Remote Datajack [Rating: 26] Favorites ----------- Power Improved Ion Engine Engine Improved Ion Engine Propulsion Aluminum Leg Leg Aluminum Leg Flight Unit Cesium-ion Thruster Utility Improved Targeting Computer Device Heat Sink Storage Medium Matter Pod Processor Improved Targeting Computer Hackware Hacking Suite Weapon Heavy Assault Rifle Energy Gun Small Laser Ballistic Gun Heavy Assault Rifle Special Weapon Remote Datajack Build | -11 -10 -9 -9 -8 -7 -6 -6 ------- Run | Scr Mat Mat Min Mat Fac Fac Low Slots Evolved 8 | . . 2 . 2 2 2 . Power 1 | . . . . . 1 . . Propulsion 3 | . . 2 . . . 1 . Utility 4 | . . . . 2 1 1 . Weapon . | . . . . . . . . Parts Attached 38 | 6 2 6 1 8 2 8 5 Power 5 | 1 . 2 . 1 1 . . Engine 5 | 1 . 2 . 1 1 . . Core . | . . . . . . . . Reactor . | . . . . . . . . Propulsion 13 | 2 . 2 1 2 . 4 2 Treads . | . . . . . . . . Leg 7 | 2 . 2 1 2 . . . Wheel . | . . . . . . . . Hover . | . . . . . . . . Flight 6 | . . . . . . 4 2 Utility 8 | 1 1 . . 4 1 1 . Device 1 | . 1 . . . . . . Storage 4 | 1 . . . 2 . 1 . Processor 2 | . . . . 1 1 . . Hackware 1 | . . . . 1 . . . Protection . | . . . . . . . . Artifact . | . . . . . . . . Weapon 12 | 2 1 2 . 1 . 3 3 Energy Gun 7 | 2 1 1 . . . 3 . Energy Cannon . | . . . . . . . . Ballistic Gun 3 | . . 1 . 1 . . 1 Ballistic Cannon . | . . . . . . . . Launcher . | . . . . . . . . Special Weapon 2 | . . . . . . . 2 Impact Weapon . | . . . . . . . . Slashing Weapon . | . . . . . . . . Piercing Weapon . | . . . . . . . . Special Melee Weapon . | . . . . . . . . Unidentified Prototypes . | . . . . . . . . Parts Lost 21 | . . . . 1 1 13 6 Power 2 | . . . . 1 . 1 . Propulsion 9 | . . . . . . 7 2 Utility 3 | . . . . . 1 1 1 Weapon 7 | . . . . . . 4 3 Highest Loss Streak 7 | . . . . 1 1 7 3 Average Slot Usage (%) 81 | . 93 98 100 97 88 60 21 Engine 8 | . 14 11 11 8 8 8 . Leg 27 | . 28 42 44 36 30 17 . Device 2 | . 7 11 11 2 . . . Storage 12 | . 14 11 11 15 15 9 . Processor 8 | . . . . 8 14 13 13 Hackware 2 | . . . . 6 2 . . Energy Gun 6 | . 28 16 11 1 . . . Ballistic Gun 9 | . . 5 11 16 15 6 . Naked Turns . | . . . . . . . . Heaviest Build 24 | 11 12 18 18 23 24 24 4 Greatest Support 45 | 20 20 40 40 45 45 45 8 Greatest Overweight (x) 1 | . . . . . . . 1 Average Overweight (x) . | . . . . . . . . Largest Inventory Capacity 8 | 6 6 6 6 8 8 8 4 Average Capacity 6 | 5 6 6 6 7 8 6 4 Most Carried 8 | 4 5 6 6 8 8 8 3 Average Carried 5 | 2 4 4 6 7 7 5 2 Final Capacity 8 | 6 6 6 6 8 8 4 4 Final Carried 8 | 4 5 6 6 8 7 2 2 Class Distribution -------------------- 62% | Scavenger-Mutant 37% | Mutant Dominant Class ---------------- Mutant | -10/Materials Scavenger-Mutant | -9/Materials Scavenger-Mutant | -9/Mines Scavenger-Mutant | -8/Materials Scavenger-Mutant | -7/Factory Mutant | -6/Factory Mutant | -6/Lower Caves Resources | -11 -10 -9 -9 -8 -7 -6 -6 ----------- Run | Scr Mat Mat Min Mat Fac Fac Low Matter Collected 745 | 139 76 110 36 247 61 . 76 Remotely . | . . . . . . . . Salvage Created 833 | . 76 110 76 372 61 58 80 Parts 57 | . 4 10 1 29 4 4 5 Haulers Intercepted . | . . . . . . . . Recyclers Shooed 2 | . . . . 1 . 1 . Parts Field Recycled . | . . . . . . . . Retrieved Matter . | . . . . . . . . Parts Self-Destructed 9 | . . . . . . . 9 Prevented 3 | . . . . . . . 3 Kills | -11 -10 -9 -9 -8 -7 -6 -6 ------- Run | Scr Mat Mat Min Mat Fac Fac Low Combat Hostiles Destroyed 23 | . 2 2 2 11 1 2 3 Guns 23 | . 2 2 2 11 1 2 3 Classes Destroyed 5 | . 1 1 . 3 . . . Recycler 1 | . . . . 1 . . . Watcher 1 | . . . . 1 . . . Swarmer 13 | . . . . 8 . 2 3 Grunt 5 | . 2 . 2 1 . . . Sentry 5 | . . 2 . 2 1 . . Best Kill Streak 5 | . 2 1 2 5 1 2 3 Combat Bots Only 4 | . 2 1 2 4 1 2 3 Max Kills in Single Turn 2 | . 1 1 1 1 1 1 2 Gunslinging . | . . . . . . . . Exploded . | . . . . . . . . Melee . | . . . . . . . . Uniques/NPCs Destroyed . | . . . . . . . . Combat | -11 -10 -9 -9 -8 -7 -6 -6 -------- Run | Scr Mat Mat Min Mat Fac Fac Low Damage Taken 2403 | . 121 85 29 434 19 895 820 Core 917 | . 23 . 14 23 . 350 507 Absorbed by Shields . | . . . . . . . . Core Remaining (%) 96 | 100 90 . 96 95 100 . . Volleys Fired 79 | . 11 5 3 31 5 18 6 Largest 2 | . 2 2 2 2 2 2 1 Hottest 106 | . 80 80 79 79 46 106 28 Shots Fired 135 | . 22 6 6 62 10 23 6 Gun 135 | . 22 6 6 62 10 23 6 Cannon . | . . . . . . . . Launcher . | . . . . . . . . Special . | . . . . . . . . Kinetic 91 | . . 4 3 60 10 8 6 Thermal 31 | . 22 2 3 2 . 2 . Explosive . | . . . . . . . . Electromagnetic 13 | . . . . . . 13 . Robot Hit Streak 10 | . 6 10 3 6 5 7 6 Robot Miss Streak 5 | . 3 1 1 5 1 2 1 Penetration Max 1 | . . . . . . . 1 Secondary Targets 3 | . 1 . . 1 . 1 . Max Gunslinging Chain 1 | . 1 . . 1 . 1 . Shots Hit Robots 80 | . 13 5 4 34 6 14 4 Core Hits 41 | . 4 4 3 18 3 5 4 Critical Hits 1 | . . . . . . 1 . Critical Kills . | . . . . . . . . Critical Parts Destroyed 1 | . . . . . . 1 . Melee Attacks . | . . . . . . . . Impact . | . . . . . . . . Slashing . | . . . . . . . . Piercing . | . . . . . . . . Sneak Attacks . | . . . . . . . . Combat Hostiles . | . . . . . . . . Follow-up Attacks . | . . . . . . . . Damage Inflicted 1198 | . 155 66 77 496 77 210 117 Guns 1190 | . 155 66 77 496 77 210 109 Cannons . | . . . . . . . . Explosions . | . . . . . . . . Melee . | . . . . . . . . Ramming 8 | . . . . . . . 8 Kinetic 784 | . . 46 32 467 77 53 109 Thermal 249 | . 155 20 45 29 . . . Explosive . | . . . . . . . . Electromagnetic 157 | . . . . . . 157 . Impact . | . . . . . . . . Slashing . | . . . . . . . . Piercing . | . . . . . . . . Highest Corruption 3 | . . . . . . 2 3 Average Corruption 2 | . . . . . . 2 2 Corruption Purged . | . . . . . . . . Effects 3 | . . . . . . 1 2 Message Errors 2 | . . . . . . . 2 Data Loss (minor) 1 | . . . . . . 1 . Overload Shots . | . . . . . . . . Overflow Damage . | . . . . . . . . Projectiles . | . . . . . . . . Explosions . | . . . . . . . . Melee . | . . . . . . . . Knockbacks . | . . . . . . . . Impact . | . . . . . . . . Kinetic . | . . . . . . . . Secondary . | . . . . . . . . Self-Inflicted Damage 3 | . . . . . . . 3 Shots . | . . . . . . . . Rammed 3 | . . . . . . . 3 Targets Rammed 3 | . . . . . . . 3 Kicked . | . . . . . . . . Crushed . | . . . . . . . . Highest Temperature 246 | . 246 . 3 . . 25 . Average Temperature 102 | . 123 . 3 . . 14 . Received Heat Transfer 216 | . 66 36 18 63 . 9 24 Siege Activations . | . . . . . . . . Robots Corrupted . | . . . . . . . . Combat Hostiles . | . . . . . . . . Parts Fried . | . . . . . . . . Impact Corruptions . | . . . . . . . . Robots Melted . | . . . . . . . . Combat Hostiles . | . . . . . . . . Parts Melted . | . . . . . . . . Heat Transferred 585 | . 350 50 111 74 . . . Parts Sabotaged . | . . . . . . . . Parts Stolen . | . . . . . . . . Parts Stripped . | . . . . . . . . Power Chain Reactions . | . . . . . . . . Missiles Intercepted . | . . . . . . . . Alert | -11 -10 -9 -9 -8 -7 -6 -6 ------- Run | Scr Mat Mat Min Mat Fac Fac Low Peak Influence 178 | . 65 90 99 178 80 39 . Average Influence 42 | . 25 37 92 64 38 21 . Maximum Alert Level . | . . . . . . . . Low Security (%) 100 | 100 100 100 100 100 100 100 . Level 1 . | . . . . . . . . Level 2 . | . . . . . . . . Level 3 . | . . . . . . . . Level 4 . | . . . . . . . . Level 5 . | . . . . . . . . High Security . | . . . . . . . . Max Security . | . . . . . . . . Squads Dispatched 7 | . 1 . . 1 2 3 . Investigation 1 | . . . . . 1 . . Extermination . | . . . . . . . . Reinforcement 6 | . 1 . . 1 1 3 . Assault . | . . . . . . . . Garrison . | . . . . . . . . Intercept . | . . . . . . . . Construction Impeded . | . . . . . . . . Haulers Reinforced . | . . . . . . . . Stealth | -11 -10 -9 -9 -8 -7 -6 -6 --------- Run | Scr Mat Mat Min Mat Fac Fac Low Distress Signals 1 | . 1 . . . . . . Communications Jammed . | . . . . . . . . Distress Signals . | . . . . . . . . Times Spotted 64 | . 7 2 1 18 5 15 16 Peak Tracking Total 8 | . 4 1 1 6 2 8 7 Tactical Retreats 5 | . . . . 1 . 2 2 Traps | -11 -10 -9 -9 -8 -7 -6 -6 ------- Run | Scr Mat Mat Min Mat Fac Fac Low Traps Triggered . | . . . . . . . . Indirectly . | . . . . . . . . Trap Hack Attempts . | . . . . . . . . Triggered . | . . . . . . . . Disarmed . | . . . . . . . . Reprogrammed . | . . . . . . . . Reused . | . . . . . . . . Traps Extracted . | . . . . . . . . Installed . | . . . . . . . . Triggered 2 | . . . . . . . 2 Machines | -11 -10 -9 -9 -8 -7 -6 -6 ---------- Run | Scr Mat Mat Min Mat Fac Fac Low Machines Disabled . | . . . . . . . . Max in Single Turn . | . . . . . . . . Machines Sabotaged . | . . . . . . . . Garrisons Compromised . | . . . . . . . . Overloaded Fab Kills . | . . . . . . . . Fab Network Shutdowns . | . . . . . . . . Hacking | -11 -10 -9 -9 -8 -7 -6 -6 --------- Run | Scr Mat Mat Min Mat Fac Fac Low Machines Accessed 8 | . 1 1 . 3 2 1 . Terminals 8 | . 1 1 . 3 2 1 . Fabricators . | . . . . . . . . Repair Stations . | . . . . . . . . Recycling Units . | . . . . . . . . Scanalyzers . | . . . . . . . . Garrison Access . | . . . . . . . . Total Hacks 13 | . 1 2 . 4 5 1 . Successful 5 | . 1 . . 4 . . . Failed 8 | . . 2 . . 5 1 . Catastrophic . | . . . . . . . . Database Lockouts . | . . . . . . . . Manual 6 | . 1 . . 1 3 1 . Terminals 13 | . 1 2 . 4 5 1 . Fabricators . | . . . . . . . . Repair Stations . | . . . . . . . . Recycling Units . | . . . . . . . . Scanalyzers . | . . . . . . . . Garrison Access . | . . . . . . . . Terminal Hacks 5 | . 1 . . 4 . . . Level Access Points 1 | . . . . 1 . . . Unreport Threat 3 | . 1 . . 2 . . . Recall Reinforcements 1 | . . . . 1 . . . Fabricator Hacks . | . . . . . . . . Repair Station Hacks . | . . . . . . . . Recycling Unit Hacks . | . . . . . . . . Scanalyzer . | . . . . . . . . Garrison Access Hacks . | . . . . . . . . Unauthorized Hacks . | . . . . . . . . Terminals . | . . . . . . . . Fabricators . | . . . . . . . . Repair Stations . | . . . . . . . . Recycling Units . | . . . . . . . . Scanalyzers . | . . . . . . . . Garrison Access . | . . . . . . . . Data Cores Recovered . | . . . . . . . . Used . | . . . . . . . . Hacking Detections 5 | . . 1 . 1 2 1 . Full Trace Events 1 | . . . . . 1 . . Feedback Events 1 | . . . . . 1 . . Hackware Fried 1 | . . . . . 1 . . Feedback Blocked . | . . . . . . . . Robot Schematics Acquired . | . . . . . . . . Robots Built . | . . . . . . . . Matter . | . . . . . . . . Time . | . . . . . . . . Total Robot Build Rating . | . . . . . . . . Part Schematics Acquired . | . . . . . . . . Parts Built . | . . . . . . . . Matter . | . . . . . . . . Time . | . . . . . . . . Total Part Build Rating . | . . . . . . . . Parts Repaired . | . . . . . . . . Time . | . . . . . . . . Parts Recycled . | . . . . . . . . Recycled Matter . | . . . . . . . . Retrieved Matter . | . . . . . . . . Retrieved Components . | . . . . . . . . Parts Scanalyzed . | . . . . . . . . Part Schematics Acquired . | . . . . . . . . Parts Damaged . | . . . . . . . . Bothacking | -11 -10 -9 -9 -8 -7 -6 -6 ------------ Run | Scr Mat Mat Min Mat Fac Fac Low Used RIF Installer . | . . . . . . . . Robots Hacked . | . . . . . . . . Non-combat . | . . . . . . . . Combat . | . . . . . . . . Robot Hacks Applied . | . . . . . . . . Relay Couplers Released . | . . . . . . . . Robots Rewired . | . . . . . . . . Allies Hacked . | . . . . . . . . Hacks Repelled . | . . . . . . . . Allies | -11 -10 -9 -9 -8 -7 -6 -6 -------- Run | Scr Mat Mat Min Mat Fac Fac Low Total Allies . | . . . . . . . . Largest Group . | . . . . . . . . Highest-Rated Group . | . . . . . . . . Highest-Rated Ally . | . . . . . . . . Total Orders . | . . . . . . . . Ally Attacks . | . . . . . . . . Total Damage . | . . . . . . . . Kills . | . . . . . . . . Allies Corrupted . | . . . . . . . . Allies Melted . | . . . . . . . . Intel | -11 -10 -9 -9 -8 -7 -6 -6 ------- Run | Scr Mat Mat Min Mat Fac Fac Low Robot Analysis Total . | . . . . . . . . Derelict Logs Recovered 1 | . . . . . . . 1 Drone Launches . | . . . . . . . . Drone Recoveries . | . . . . . . . . Exploration | -11 -10 -9 -9 -8 -7 -6 -6 ------------- Run | Scr Mat Mat Min Mat Fac Fac Low Turns Passed 1915 | 59 282 131 32 568 383 234 226 Spaces Moved 1467 | 41 172 70 12 337 270 214 351 Core 238 | 4 . . . . . 21 213 Treads . | . . . . . . . . Legs 989 | 37 172 70 12 337 270 91 . Wheels . | . . . . . . . . Hover . | . . . . . . . . Flight 240 | . . . . . . 102 138 Fastest Speed 40 | 50 120 120 120 120 120 47 40 Average Speed 96 | 113 120 120 120 120 120 83 46 Slowest Speed 120 | 120 120 120 120 120 120 120 100 Overloaded Moves . | . . . . . . . . Propulsion Burnouts . | . . . . . . . . Robots Hopped 2 | . . . . . . 2 . Cave-ins Triggered . | . . . . . . . . Exploration Rate (%) 20 | 3 41 12 10 32 6 6 51 Regions Visited 7 Branch Regions 2 Pre-discovered Areas . | . . . . . . . . Known Exits Taken 1 | . . . . 1 . . . Unknown Exits Taken 6 | 1 1 1 1 . 1 1 . Scrap Searched 2 | . . . . . . . 2 Spaces Dug . | . . . . . . . . Terrain Destroyed . | . . . . . . . . Melee . | . . . . . . . . Projectile . | . . . . . . . . AOE . | . . . . . . . . Actions | -11 -10 -9 -9 -8 -7 -6 -6 --------- Run | Scr Mat Mat Min Mat Fac Fac Low Total 1823 | 50 225 112 24 442 318 246 406 Wait 199 | . 37 26 8 45 42 2 39 Move 1456 | 40 171 69 11 336 269 209 351 Hop 2 | . . . . . . 2 . Pick Up 20 | 4 2 2 . 9 . 1 2 Fast Attach 18 | 6 1 1 . 5 1 1 3 Attach 12 | . . 2 . . 1 7 2 Detach 5 | . . 1 . 1 . 3 . Swap 8 | . 1 3 1 3 . . . Drop 21 | . 2 3 1 12 . 3 . Fire 79 | . 11 5 3 31 5 18 6 Melee . | . . . . . . . . Ram 3 | . . . . . . . 3 Kick . | . . . . . . . . Crush . | . . . . . . . . Escape Stasis . | . . . . . . . . Rewire . | . . . . . . . . Trap . | . . . . . . . . Miscellaneous . | . . . . . . . . Route ------- -11/Scrapyard -10/Materials -9/Materials -9/Mines -8/Materials (discovered 3 exits: *Fac x3) -7/Factory -6/Factory -6/Lower Caves History --------- Turn | Location | Event 3 | -11/Scrapyard | Discovered new exit (range 15) 60 | -11/Scrapyard | Entered Materials 318 | -10/Materials | Build established: Mutant 339 | -10/Materials | Discovered new exit (range 3) 342 | -10/Materials | Entered another Materials area 342 | -9/Materials | Evolved 2 slots: Propulsion x2 441 | -9/Materials | Discovered new exit (range 16) 473 | -9/Materials | Entered Mines 482 | -9/Mines | Discovered new exit (range 10) 505 | -9/Mines | Entered Materials 505 | -8/Materials | Evolved 2 slots: Utility x2 658 | -8/Materials | Build established: Scavenger-Mutant 754 | -8/Materials | Identified exit to Factory 1073 | -8/Materials | Entered Factory 1073 | -7/Factory | Evolved 2 slots: Power x1, Utility x1 1198 | -7/Factory | Hacking Suite fried by hacking feedback 1414 | -7/Factory | Discovered new exit (range 21) 1456 | -7/Factory | Entered another Factory area 1456 | -6/Factory | Evolved 2 slots: Propulsion x1, Utility x1 1655 | -6/Factory | Lost 4 parts (3n1w) 1688 | -6/Factory | Discovered new exit (range 5) 1690 | -6/Factory | Entered Lower Caves 1710 | -6/Lower Caves | Lost 7 parts (1p3n1u2w) 1799 | -6/Lower Caves | Attracted the attention of an 0b10 checkpoint 1810 | -6/Lower Caves | Core integrity fell below 50% 1857 | -6/Lower Caves | Build established: Mutant 1903 | -6/Lower Caves | Learned 12 Factory zone layouts 1906 | -6/Lower Caves | Spotted B-75 Beast 1907 | -6/Lower Caves | Core integrity fell below 20% 1916 | -6/Lower Caves | Destroyed by S-27 Virus with Autogun Last Messages --------------- 01871_ Remote Datajack destroyed. 01877_ Slug penetrates S-27 Virus. 01879_ S-27 Virus destroyed. 01881_ Slug penetrates S-27 Virus. 01885_ VTOL Module fries itself beyond repair. 01885_ Slug penetrates S-27 Virus. 01885_ S-27 Virus destroyed. 01886_ Lgt. Nuclear Core fries itself beyond repair. 01889_ Autogun fries itself beyond repair. 01890_ Acquired VTOL Module. 01901_ Slug penetrates Wall. 01902_ VTOL Module destroyed. 01903_ Gauss Rifle destroyed. 01903_ Acquired derelict log, extracted data. Data stored: Factory zone layouts (x12). 01904_ Slammed into S-27 Virus. 01904_ Destabilizing: System corrupted (+1). 01905_ B8SXVS4HD66TMONITNFU< 01905_ Slammed into S-27 Virus. 01915_ Imp. Targeting Computer destroyed. Map ----- +----------------------------------------------------+ | ??????????????????????????????????????? ????? | | ?????????????????????????????????????? ????? | | ?????????????????????????????????????? ????? | | ?????????????????????????????????????? ???? | | ?????????????????????????????????????? ???? | | ????????????????????????????????????? ???? | | ?????????????????????????????????????# ???? | | ?????????????????????????????????????###### ???? | | ??????????????????????????????????????????? ???? | | ??????????????????????????????????????????? ??? | | ??????????????????????????????????????????? ???? | | ??????????????????????????????????????????? ?????? | | ?????????????????????????????????????????????????? | | ?????????????????????????????????????????????????? | | ?????????????????????????????????????????????????? | | ?????????????????????????????????????????????????? | | ?????????????????????????????????????????????????? | | ???????????????????????????????????########??????? | | ??????????????????????????????###??# #??????? | | ?????????????????????????????## ##?# #??????? | | ?????????????????????#???????# ### BB #??????? | | ?????????????????????# ??????# BB #??????? | | ?????????????????????# ?????# #??????? | | ?????????????????????# #?#### ##?????? | | ?????????????????????# ## #??## "#?????# | | ????????????????# ## @ #### ####### | | ????????????????# ss s | | ????????????????# s | | ???????????????# ## ######### ### | | ??????????????# #######???????## "#?# | | ??????????????# #########??????????????####?#### | | ??????????????# #????????????????????????????????? | | ??????????????#??????????????????????????????????? | | ?????????????????????????????????????????????????? | | ?????????????????????????????????????????????????? | | ?????????????????????????????????????????????????? | | ?????????????????????????????????????????????????? | | ?????????????????????????????????????????????????? | | ?????????????????????????????????????????????????? | | ?????????????????????????????????????????????????? | | ?????????????????????????????????????????????????? | | ?????????????????????????????????????????????????? | | ?????????????????????????????????????????????????? | | ?????????????????????????????????????????????????? | | ?????????????????????????????????????????????????? | | ?????????????????????????????????????????????????? | | ?????????????????????????????????????????????????? | | ?????????????????????????????????????????????????? | | | | | +----------------------------------------------------+ Best States ------------- Heat Dissipation 41 Energy Generation 19 Energy Capacity 265 Matter Stores 313 Matter Capacity 450 Sight Range 22 Terrain Scan Density 10 Evasion (%) 62 Targeting Accuracy 6 Offensive Hacking 10 Item Schematics ----------------- None Robot Schematics ------------------ None Fabricated ------------ Nothing Alien Tech Used ----------------- None Achievements -------------- None Challenges ------------ None Game ------ Seed TachyonCouplerField Manual? 0 Play Time 00:24:29 Cumulative 24.6 hours Start 2020.05.21 @ 20:11:41 End 2020.05.21 @ 21:19:23 Sessions 3 Manual Loads 0 Difficulty Rogue Special Mode None Game No. 56 Rogue 56 Adventurer 0 Explorer 0 Win Type - Total 0 Types 0/0/0/0/0/0/0 Lore% 20 Gallery% 30 Achievement% 24 Wizard Run 0 Options --------- ASCII 0 Keyboard 1 Movement Numpad Keybinds 0 Fullscreen 2 Font 18/Terminus Map View 76x50 Tactical HUD 1 Map Filters NONE Filters NONE Steam 1 RUN: 0122df57-bee9-46be-a707-6c562ecf1258